 Dungeon Crawl Stone Soup version 0.31.0-11-ge490571c62 (webtiles) character file.

Game seed: 6722069657259791418

3014 James the Fighter (level 9, -3/96 (106) HPs)
             Began as an Oni Hedge Wizard on Feb 10, 2024.
             Was a Believer of Kikubaaqudgha.
             Slain by a wight
             ... wielding a +4 halberd
              (12 damage)
             ... on level 8 of the Dungeon.
             The game lasted 00:35:18 (9612 turns).

James the Fighter (Oni Hedge Wizard)                Turns: 9612, Time: 00:35:19

HP:   -3/96 (106)   AC: 11    Str: 16    XL:     9   Next: 85%
MP:   15/16         EV:  9    Int: 19    God:    Kikubaaqudgha [**....]
Gold: 73            SH:  0    Dex:  8    Spells: 4/18 levels left

rFire   + . .        U - +2 trident (freeze)
rCold   . . .        (no shield)
rNeg    . . .        m - +0 robe {rF+}
rPois   .            c - +0 hat
rElec   .            (no cloak)
rCorr   .            (gloves unavailable)
SInv    .            (boots unavailable)
Will    .....        e - amulet of regeneration
Stlth   +            p - +4 ring of protection
HPRegen 1.16/turn    q - +4 ring of protection
MPRegen 0.15/turn

%: no passive effects
@: drained
A: large, unfitting armour, horns 1, tough skin 1, double potion healing,
drunken brawling
a: Renounce Religion, Unearth Wretches


You were on level 8 of the Dungeon.
You worshipped Kikubaaqudgha.
Kikubaaqudgha was pleased with you.
You visited 2 branches of the dungeon, and saw 9 of its levels.
You also visited: Sewer.

You collected 373 gold pieces.
You spent 300 gold pieces at shops.

Inventory:

Hand Weapons
 a - a +3 short sword
   (You took it off a kobold on level 2 of the Dungeon)
 b - a +2 dagger of venom
   (You took it off a kobold on level 3 of the Dungeon)
 z - a +2 rapier of venom
   (You found it on level 5 of the Dungeon)
 D - a +0 sling
   (You found it on level 1 of the Dungeon)
 G - a +2 heavy flail
   (You took it off a gnoll on level 5 of the Dungeon)
 I - a +0 spear
   (You took it off a gnoll on level 5 of the Dungeon)
 R - a +4 halberd
   (You took it off a wight on level 7 of the Dungeon)
 U - a +2 trident of freezing (weapon)
   (You took it off a wight on level 7 of the Dungeon)
Missiles
 g - 62 stones
 w - 9 curare-tipped darts {!f}
 C - 5 atropa-tipped darts
 E - 17 poisoned darts
 H - a throwing net {!f}
Armour
 c - a +0 hat (worn)
 m - a +0 robe of fire resistance (worn)
   (You found it on level 2 of the Dungeon)
 n - a +0 robe
   (You took it off an orc wizard on level 7 of the Dungeon)
 Q - a +0 robe
   (You took it off a wight on level 7 of the Dungeon)
 S - a +0 robe
   (You took it off a wight on level 7 of the Dungeon)
 T - a +0 robe
   (You took it off a wight on level 7 of the Dungeon)
 V - a +0 robe
   (You found it on level 7 of the Dungeon)
 W - a +0 robe
   (You took it off a wight on level 7 of the Dungeon)
 X - a +0 robe
   (You took it off a wight on level 7 of the Dungeon)
Magical Staves
 u - a staff of air
   (You found it on level 3 of the Dungeon)
Jewellery
 e - an amulet of regeneration (around neck)
   (You bought it in a shop on level 6 of the Dungeon)
 p - a +4 ring of protection (left hand)
   (You found it on level 3 of the Dungeon)
 q - a +4 ring of protection (right hand)
   (You found it on level 3 of the Dungeon)
Wands
 d - a wand of iceblast (13)
   (You found it on level 4 of the Dungeon)
 t - a wand of flame (13)
   (You took it off an orc on level 5 of the Dungeon)
 v - a wand of digging (3)
   (You found it on level 7 of the Dungeon)
 y - a wand of polymorph (9)
   (You found it on level 7 of the Dungeon)
Scrolls
 f - 3 scrolls of immolation {!r}
 h - 5 scrolls of teleportation {@r4}
 k - 4 scrolls of revelation
 o - a scroll of summoning
 s - 2 scrolls of silence
 x - 2 scrolls of enchant weapon
 B - a scroll of torment {unknown}
 F - a scroll of fog
 K - a scroll of poison {unknown}
 M - a scroll of amnesia {unknown}
 P - a scroll of blinking {unknown}
Potions
 i - 2 potions of curing {@q1}
 j - 3 potions of mutation {!q}
 l - 6 potions of enlightenment
 r - 2 potions of heal wounds {@q2}
 A - a potion of magic
 J - 2 potions of might
 L - a potion of invisibility {unknown}
 N - a potion of haste {unknown}
 O - 2 potions of resistance {unknown}


   Skills:
 - Level 12.0 Fighting
 + Level 4.4 Polearms
 - Level 2.0 Dodging
 - Level 1.4 Stealth
 - Level 5.0 Spellcasting
 - Level 2.0 Conjurations
 - Level 2.0 Summonings
 - Level 6.0 Necromancy
 - Level 2.0 Translocations


You had 4 spell levels left.
You knew the following spells:

 Your Spells              Type           Power      Damage    Failure   Level
a - Magic Dart            Conj           48%        1d5       5%          1
b - Blink                 Tloc           24%        N/A       9%          2
c - Fugue of the Fallen   Necr           27%        N/A       3%          3
d - Kiss of Death         Conj/Necr      76%        2d11      2%          1
q - Vampiric Draining     Necr           27%        2d7       3%          3
x - Call Imp              Summ           24%        N/A       9%          2
Z - Sublimation of Blood  Necr           27%        N/A       1%          2

Your spell library contained the following spells:

 Spells                   Type           Power      Damage    Failure   Level
 Shock                    Conj/Air       32%        1d5       9%          1
 Cigotuvi's Dreadful Rot  Necr/Alch/Air  24%        N/A       9%          2
 Slow                     Hex            16%        N/A       12%         1
 Gell's Gravitas          Tloc           12%        N/A       16%         3
 Teleport Other           Tloc           12%        N/A       16%         3
 Dazzling Flash           Conj/Hex       16%        N/A       24%         3
 Volatile Blastmotes      Fire/Tloc      16%        2d11      24%         3
 Mephitic Cloud           Conj/Alch/Air  7%         N/A       28%         3
 Confusing Touch          Hex            4%         N/A       36%         3
 Sigil of Binding         Hex            4%         N/A       36%         3
 Swiftness                Air            4%         N/A       36%         3
 Vhi's Electric Charge    Tloc/Air       16%        N/A       63%         4
 Airstrike                Air            2%         2d(1-17)  77%         4
 Arcjolt                  Conj/Air       4%         1d14      92%         5
 Dispersal                Tloc           6%         N/A       100%        6
 Plasma Beam              Fire/Air       2%         2x1d12    100%        6
 Starburst                Conj/Fire      4%         6d3       100%        6
 Maxwell's Capacitive Co  Air            2%         ∞         100%        8


Dungeon Overview and Level Annotations

Branches:
Dungeon (8/15)             Temple (1/1) D:6           Sewer (visited)
   Lair: D:8-11

Altars:
Ashenzari
Cheibriados
Dithmenos
Elyvilon
Gozag
Hepliaklqana
Kikubaaqudgha
Makhleb
Nemelex Xobeh
Okawaru
Qazlal
Ru
Sif Muna
Trog
Uskayaw
Wu Jian
Xom
Zin
The Shining One

Shops:
D:4 (   D:5 :(   D:6 =


Innate Abilities, Weirdness & Mutations

You are too large for most types of armour.
You have a pair of small horns on your head.
You have tough skin. (AC +1)
You gain doubled healing and magic from potions.
Whenever you drink a healing potion, you attack all around you.


Message History

Your cerulean imp barely misses the wight.
You puncture the wight!
You destroy the wight!
Kikubaaqudgha accepts your kill.
The wight hits you with a +3 great sword!
The wight hits your cerulean imp with a +0 battleaxe!
Your cerulean imp dies!
Your cerulean imp disappears in a puff of smoke!
The wight hits you with a +0 battleaxe.
Your Polearms skill increases to level 4!
The wight attacks as it pursues you!
The wight hits you from afar with a +4 halberd!
You see here a +0 orcbow.
You are losing your grip on the fallen.
The wight attacks as it pursues you! The wight barely misses you.
You see here a +0 hand axe.
You puncture the wight! The wight hits you with a +0 battleaxe.
You feel drained.
The wight hits you from afar with a +4 halberd!
You feel drained.
You closely miss the wight. You headbutt the wight.
The wight hits you with a +0 battleaxe.
You feel drained. The wight completely misses you.
You hit the wight.
You destroy the wight!
Kikubaaqudgha accepts your kill.
The wight hits you from afar with a +4 halberd!
* * * LOW HITPOINT WARNING * * *
You puncture the wight!
The wight hits you but does no damage. x2
You hit the wight. Your headbutt misses the wight.
Your fugue has ended.
The wight hits you from afar with a +4 halberd!
* * * LOW HITPOINT WARNING * * *
The wight barely misses you.
You barely miss the wight. You headbutt the wight.
The wight hits you from afar with a +4 halberd!
* * * LOW HITPOINT WARNING * * *
The wight hits you with a +3 great sword!
* * * LOW HITPOINT WARNING * * *
You feel drained.
* * * LOW HITPOINT WARNING * * *
You hit the wight but do no damage. Your headbutt misses the wight.
The wight hits you from afar with a +4 halberd.
* * * LOW HITPOINT WARNING * * *
You feel drained.
The wight hits you with a +3 great sword.
* * * LOW HITPOINT WARNING * * *
The wight hits you from afar with a +4 halberd!
You die...
Kikubaaqudgha rasps: "You have failed me!
Welcome... death!"

#.# .... #...
..#.###.##...##
..#<...........
#.#.###.######
#.#.# #....#
#.#.###..#.### .
#.#..........#
.#.###'#####..#.#.#
......))z@........#
.#.#..)z####..#.#.#
#...§# #......#
#....# #.######
#....# #.# #....#
#.# #....# #.#
#....#
#.#############
#....#
#..............


You could see 2 wights.

Vanquished Creatures
  A steam dragon (D:7)
  2 orc warriors
  An ice beast (D:7)
  A black bear (D:6)
  An ogre (D:5)
  A centaur (D:7)
  2 phantoms (D:6)
  2 bullfrogs
  A kobold brigand (D:7)
  5 scorpions
  7 wights
  4 killer bees (D:6)
  3 howler monkeys
  2 bombardier beetles
  3 orc priests
  2 jellies
  A hound (D:5)
  5 iguanas
  2 orc wizards
  2 gnolls (D:5)
  10 adders
  A river rat (Sewer)
  2 white imps (D:6)
  3 ribbon worms
  2 dart slugs
  19 orcs
  8 ball pythons
  5 bats
  10 endoplasms
  6 giant cockroaches
  7 goblins
  4 hobgoblins
  6 jackals
  16 kobolds
  4 quokkas
  6 frilled lizards
  4 rats
161 creatures vanquished.

Vanquished Creatures (collateral kills)
  A centaur (D:8)
  A kobold brigand (D:7)
  A howler monkey (D:7)
  3 jellies
  A sleepcap (D:6)
  2 adders
  A gnoll (D:5)
  A river rat (Sewer)
  A ribbon worm (D:5)
  3 orcs
  4 ball pythons
  5 endoplasms
  A giant cockroach (Sewer)
  A goblin (D:3)
  A jackal (D:5)
  A quokka (D:3)
  2 bats
  A frilled lizard (Sewer)
  3 kobolds
34 creatures vanquished.

Vanquished Creatures (others)
  A butterfly (D:5)
1 creature vanquished.

Grand Total: 196 creatures vanquished

Notes
Turn   | Place    | Note
-------+----------+-------------------------------------------
     0 | D:1      | James the Oni Hedge Wizard began the quest for the Orb.
     0 | D:1      | Reached XP level 1. HP: 16/16 MP: 5/5
    53 | D:1      | You fall into a shaft and drop 1 floor!
   147 | D:1      | Reached skill level 1 in Conjurations
   249 | D:1      | Reached skill level 1 in Fighting
   249 | D:1      | Reached XP level 2. HP: 17/27 MP: 2/6
   639 | D:1      | Learned a level 2 spell: Blink
   642 | D:1      | Learned a level 2 spell: Call Imp
   826 | D:1      | Reached skill level 1 in Summonings
   961 | D:1      | Reached skill level 1 in Translocations
  1227 | D:1      | Reached XP level 3. HP: 33/33 MP: 3/8
  3045 | D:3      | Reached XP level 4. HP: 40/41 MP: 10/10
  3073 | D:3      | Found a faded altar of an unknown god.
  3307 | D:3      | Reached XP level 5. HP: 46/48 MP: 7/12
  3474 | D:3      | Learned a level 3 spell: Vampiric Draining
  3767 | D:3      | Found a glowing silver altar of Zin.
  3783 | D:3      | Found an ornate altar of the Wu Jian Council.
  4024 | D:4      | Found Dezo's Weapon Emporium.
  4113 | D:4      | Reached skill level 5 in Spellcasting
  4113 | D:4      | Reached skill level 2 in Fighting
  4637 | D:5      | Entered Level 5 of the Dungeon
  4678 | D:5      | Reached skill level 3 in Fighting
  4743 | D:5      | Found an opulent altar of Gozag.
  4797 | D:5      | Reached skill level 4 in Fighting
  4797 | D:5      | Reached XP level 6. HP: 41/62 MP: 10/13
  5193 | D:5      | Reached skill level 5 in Fighting
  5197 | D:5      | Reached skill level 6 in Fighting
  5274 | D:5      | Found a white marble altar of Elyvilon.
  5320 | D:5      | Reached skill level 7 in Fighting
  5320 | D:5      | Reached XP level 7. HP: 77/78 MP: 12/14
  5379 | D:5      | Reached skill level 1 in Necromancy
  5452 | D:5      | Found Oluff's Book Boutique.
  5756 | D:5      | Found Rorov's Weapon Shop.
  5854 | D:5      | Found an iron altar of Okawaru.
  6034 | D:6      | Found Ackup Tarchyx's Jewellery Shop.
  6174 | D:6      | Reached XP level 8. HP: 85/87 MP: 15/15
  6318 | D:6      | Found a staircase to the Ecumenical Temple.
  6341 | D:6      | Reached skill level 5 in Necromancy
  6353 | Temple   | Entered the Ecumenical Temple
  6373 | Temple   | Became a worshipper of Kikubaaqudgha
  6440 | D:6      | Found a glowing drain.
  6453 | Sewer    | Entered a sewer
  6917 | Sewer    | Reached * piety under Kikubaaqudgha
  6917 | Sewer    | Received a gift from Kikubaaqudgha
  6927 | Sewer    | Found a viscous altar of Jiyva.
  7593 | D:6      | Learned a level 3 spell: Fugue of the Fallen
  7595 | D:6      | Learned a level 1 spell: Kiss of Death
  7598 | D:6      | Learned a level 2 spell: Sublimation of Blood
  7818 | D:6      | Bought an amulet of regeneration for 300 gold pieces
  7860 | D:6      | Reached skill level 8 in Fighting
  7891 | D:7      | Found a shimmering blue altar of Sif Muna.
  7953 | D:7      | Reached skill level 9 in Fighting
  8054 | D:6      | Reached XP level 9. HP: 90/100 MP: 13/16
  8087 | D:6      | Reached skill level 10 in Fighting
  8217 | D:6      | Reached skill level 11 in Fighting
  8373 | D:7      | Reached ** piety under Kikubaaqudgha
  8622 | D:7      | Reached skill level 12 in Fighting
  8775 | D:7      | Reached skill level 1 in Polearms
  9122 | D:7      | Found a shimmering blue altar of Sif Muna.
  9612 | D:8      | Slain by a wight

Illustrated notes

Levels and vault maps discovered:
D:1:      hellmonk_arrival_library, layout_basic, serial_forest,
          infiniplex_forest_clump_small, infiniplex_forest_end_3,
          infiniplex_forest_lined_room_3, infiniplex_forest_lined_corner,
          infiniplex_forest_lined_room_2, infiniplex_forest_straight_1,
          infiniplex_forest_diagonal, infiniplex_forest_clump_tiny,
          infiniplex_forest_straight_1, grunt_decor_resistance
D:2:      layout_loops_cross, grunt_ministairs_14
D:3:      minmay_recursive_quarters, layout_basic, jmf_multi_god_temple2,
          shapermc_ecumenical_altar_venn, minmay_fractal_squares_gapless_5
D:4:      layout_loops_ring, serial_shops, nicolae_stop_n_shop_1
D:5:      layout_basic, nicolae_elyvilon_peaceful_grove,
          nicolae_gozag_cash_rules_everything_around_me, lemuel_crystal_altar,
          serial_shops, nicolae_shop_bloodbath_and_beyond, shop
D:6:      layout_gridville, temple_statues, serial_shops,
          nicolae_shop_tiny_waterfront, portal_sewer_entry_d, dk_vineyard_2,
          nicolae_kite_square_tiling_tiny
D:7:      layout_cave_pools, nicolae_sif_muna_condensation, nrook_mini_backslash
D:8:      layout_basic, mainiacjoe_overflow_brackets, serial_glass,
          glass_columns_a, glass_columns_b, glass_columns_b, glass_columns_a,
          glass_columns_c, glass_columns_c
Temple:   hellmonk_temple_forest_ring

Skill      XL: |  1  2  3  4  5  6  7  8  9 |
---------------+----------------------------+-----
Conjurations   | 1 2 |  2.0
Fighting       | 1 4 7 9 12 | 12.0
Spellcasting   | 4 5 |  5.0
Summonings     | 1 2 |  2.0
Translocations | 1 2 |  2.0
Dodging        | 2 |  2.0
Necromancy     | 4 6 |  6.0
Polearms       | 4 |  4.4
Stealth        | |  1.4

Action                     |  1- 3 |  4- 6 |  7- 9 || total
---------------------------+-------+-------+-------++-------
  Melee: Dagger            |    57 |    91 |   322 ||   470
         Headbutt          |    15 |    23 |    92 ||   130
         Punch             |     1 |       |     4 ||     5
         Short sword       |    46 |    67 |    54 ||   167
         Trident           |       |       |    16 ||    16
   Cast: Magic Dart        |    31 |       |       ||    31
         Call Imp          |    12 |    14 |    35 ||    61
         Blink             |     1 |       |       ||     1
         Vampiric Draining |       |       |     5 ||     5
         Fugue of the Fall |       |       |     4 ||     4
    Use: Scroll            |     7 |     6 |     2 ||    15
         Potion            |       |       |     2 ||     2
   Stab: Sleeping          |     3 |     1 |     2 ||     6
         Distracted        |       |     1 |     2 ||     3
 Armour: Robe              |    72 |   105 |   393 ||   570
  Dodge: Dodged            |    57 |    72 |   211 ||   340
